 Dungeon Crawl Stone Soup version 0.24-a0-525-g9231cdc (webtiles) character file.

Game seed: 15091791588931032275

666 robbits the Ruffian (level 7, 0/61 HPs)
             Began as a Ghoul Monk on Aug 5, 2019.
             Was a Believer of Makhleb.
             Slain by a centaur (8 damage)
             ... on level 4 of the Dungeon.
             The game lasted 00:08:43 (3885 turns).

robbits the Ruffian (Ghoul Monk)                    Turns: 3885, Time: 00:08:44

Health: 0/61       AC:  3    Str: 16    XL:     7   Next: 57%
Magic:  6/7        EV: 13    Int:  6    God:    Makhleb [**....]
Gold:   96         SH:  0    Dex: 11    Spells: 6/6 levels left

rFire    . . .     SeeInvis .     - Unarmed
rCold    + . .     Gourm    .   (no shield)
rNeg     + + +     Faith    .   a - +1 robe
rPois    ∞         Spirit   .   (no helmet)
rElec    .         Reflect  .   (no cloak)
rCorr    .         Harm     .   (no gloves)
MR       .....                  (no boots)
Stlth    +++.......             (no amulet)
HPRegen  0.00/turn              (no ring)
MPRegen  0.10/turn              (no ring)

@: rotting
A: rotting body, claws 1, carnivore, cold resistance 1, negative energy
resistance 3, inhibited regeneration, torment resistance, unbreathing
a: Minor Destruction, Renounce Religion


You were on level 4 of the Dungeon.
You worshipped Makhleb.
Makhleb was pleased with you.
You were not hungry.

You visited 1 branch of the dungeon, and saw 4 of its levels.

You collected 240 gold pieces.
You spent 144 gold pieces at shops.

Inventory:

Missiles
 g - 10 poisoned darts (quivered)
Armour
 a - a +1 robe (worn)
Jewellery
 m - a +3 ring of evasion {unknown}
Wands
 o - a wand of digging (4)
Scrolls
 d - 6 scrolls of teleportation
 e - 3 scrolls of amnesia
 f - a scroll of enchant weapon
 h - 2 scrolls of identify
 i - a scroll of enchant armour
Potions
 c - a potion of agility
 k - a potion of curing
 l - a potion of might
Comestibles
 b - 7 rations
 j - 9 chunks of flesh


   Skills:
 + Level 5.1 Fighting
 + Level 4.1 Dodging
 - Level 4.4 Stealth
 * Level 6.4 Unarmed Combat
 * Level 1.3 Invocations


You had 6 spell levels left.
You didn't know any spells.
Your spell library was empty.

Dungeon Overview and Level Annotations

Branches:
Dungeon (4/15)
 Temple: D:4-7

Altars:
Ashenzari
Fedhas
Gozag
Makhleb
Qazlal
Zin
The Shining One

Shops:
D:4 ((?

Annotations:
D:4 4 runed translucent doors


Innate Abilities, Weirdness & Mutations

Your body is rotting away.
You thrive on raw meat.
You are immune to poison.
You have sharp fingernails.
You are carnivorous and can eat meat at any time.
Your flesh is cold resistant. (rC+)
You are immune to negative energy. (rN+++)
You do not regenerate when monsters are visible.
You are immune to unholy pain and torment.
You can survive without breathing.


Message History

You kill the orc!
Makhleb accepts your kill.
A centaur comes into view.
You barely miss the centaur. The centaur misses you. The centaur hits you.
* * * LOW HITPOINT WARNING * * *
Throwing (i - inventory)
g - 12 poisoned darts (quivered)
Press: ? - help, Shift-Dir - straight line, f - centaur
Aim: a centaur You throw a poisoned dart.
The poisoned dart hits the centaur.
The centaur hits you.
* * * LOW HITPOINT WARNING * * *
Throwing (i - inventory)
g - 11 poisoned darts (quivered)
Press: ? - help, Shift-Dir - straight line, f/p - centaur
Aim: a centaur You throw a poisoned dart.
The poisoned dart closely misses the centaur.
The centaur hits you.
* * * LOW HITPOINT WARNING * * *
The centaur hits you!
You die...

##########............
##..................###
#..######..######...###
#.## ####....##..#.. #.#
#÷.###.#.##.# #.#
#)##[#.#.#... #.# ##
#.#.##.#(#... ##.# #c##
#[##)#.#.#... #..## #@#
###...##.#... #...###'#
#'###..#...
#.......######.....##...
##.###.##8%[8##.........
#.##..#8...58#..####...
#.##..+.....5+..# #...
#.....+......+..# ####
#.##..#8....8#..# ##
#.###.##8[$8##..# #.


You could see a centaur.

Vanquished Creatures
  A phantom (D:4)
  2 ogres (D:4)
  A crocodile (D:4)
  3 orc wizards (D:4)
  2 iguanas (D:4)
  3 worker ants
  3 gnolls (D:3)
  2 adders
  2 adder skeletons (D:4)
  A dart slug (D:4)
  4 leopard geckos
  4 orcs (D:4)
  2 ball pythons (D:2)
  10 bats
  8 giant cockroaches
  6 goblins
  8 hobgoblins
  A quokka (D:4)
  3 frilled lizards
  5 kobolds
  9 rats
80 creatures vanquished.

Notes
Turn   | Place    | Note
-------+----------+-------------------------------------------
     0 | D:1      | robbits the Ghoul Monk began the quest for the Orb.
     0 | D:1      | Reached XP level 1. HP: 19/19 MP: 0/0
    10 | D:1      | Noticed a centaur
    70 | D:1      | Reached XP level 2. HP: 16/26 MP: 1/1
   563 | D:1      | Reached XP level 3. HP: 30/31 MP: 2/2
   835 | D:2      | Found a blossoming altar of Fedhas.
   842 | D:2      | Reached skill level 4 in Unarmed Combat
   892 | D:2      | Found a glowing silver altar of Zin.
   892 | D:2      | Found a glowing golden altar of the Shining One.
   897 | D:2      | Found an opulent altar of Gozag.
  1046 | D:2      | Found a shattered altar of Ashenzari.
  1692 | D:3      | Noticed a phantom
  1785 | D:3      | Reached XP level 4. HP: 20/40 MP: 3/3
  1965 | D:3      | Reached XP level 5. HP: 36/46 MP: 4/4
  2404 | D:4      | Noticed a crocodile
  2420 | D:4      | Killed a crocodile
  2420 | D:4      | Reached skill level 5 in Unarmed Combat
  2521 | D:4      | Reached XP level 6. HP: 50/53 MP: 5/5
  2534 | D:4      | Found Puulympo's Magic Scroll Emporium.
  2565 | D:4      | Found Sotoitta's Weapon Shop.
  2732 | D:4      | Got an ancient dagger
  2733 | D:4      | Identified the cursed +1 dagger "Xuofigh" {pain, Fragile
                  | rN+ Str+4 Dex+3} (You found it on level 4 of the Dungeon)
  2791 | D:4      | Noticed a phantom
  2975 | D:4      | HP: 1/52 [ogre/+0 giant club (17)]
  3216 | D:4      | Bought a scroll of remove curse for 36 gold pieces
  3218 | D:4      | Bought a scroll of teleportation for 36 gold pieces
  3218 | D:4      | Bought a scroll of identify for 24 gold pieces
  3218 | D:4      | Bought a scroll of identify for 24 gold pieces
  3218 | D:4      | Bought a scroll of identify for 24 gold pieces
  3304 | D:4      | Killed a phantom
  3304 | D:4      | Reached skill level 6 in Unarmed Combat
  3304 | D:4      | Reached XP level 7. HP: 26/60 MP: 6/6
  3480 | D:4      | Found Ulaadwo's Antique Weapon Boutique.
  3535 | D:4      | Found a large runed translucent door.
  3535 | D:4      | Found a large runed translucent door.
  3539 | D:4      | Found the +3 hat of Pondering {ponderous, MR+ MP+10 Int+5}
  3554 | D:4      | Found a large runed translucent door.
  3554 | D:4      | Found a large runed translucent door.
  3573 | D:4      | Found a burning altar of Makhleb.
  3573 | D:4      | Found a stormy altar of Qazlal.
  3680 | D:4      | Became a worshipper of Makhleb the Destroyer
  3680 | D:4      | Reached * piety under Makhleb
  3680 | D:4      | Reached ** piety under Makhleb
  3734 | D:4      | Reached skill level 5 in Fighting
  3862 | D:4      | Reached skill level 1 in Invocations
  3885 | D:4      | Slain by a centaur

Levels and vault maps discovered:
D:1:      evilmike_arrival_come_back, layout_basic, serial_rivers,
          chequers_serial_rivers_marsh, chequers_serial_rivers_marsh,
          chequers_serial_rivers_marsh, chequers_serial_rivers_marsh,
          chequers_serial_rivers_marsh, chequers_serial_rivers_micro_d
D:2:      layout_basic, ashenzari_altar_1, gammafunk_temple_overflow_forgotten,
          nicolae_overflow_hidden_temple, first_ration
D:3:      minmay_inner_zag, layout_basic
D:4:      layout_basic, grunt_temple_overflow_open, serial_shops, shop,
          nicolae_shop_waterfront, shop, minmay_hollow_rounded_squares

Skill      XL: |  1  2  3  4  5  6  7 |
---------------+----------------------+-----
Dodging        | 3 4 |  4.1
Unarmed Combat | 4 5 6 |  6.4
Stealth        | 3 4 |  4.4
Fighting       | 4 5 |  5.1
Invocations    | 1 |  1.3

Action                   |  1- 3 |  4- 6 |  7- 9 || total
-------------------------+-------+-------+-------++-------
Melee: Unarmed           |   177 |    80 |    53 ||   310
       Punch             |       |     3 |     1 ||     4
       Dagger            |       |    42 |       ||    42
Throw: Throwing net      |       |     1 |       ||     1
       Dart              |       |     2 |     5 ||     7
  Use: Potion            |     1 |     2 |       ||     3
       Scroll            |       |    13 |       ||    13
 Stab: Sleeping          |     7 |     4 |       ||    11
  Eat: Chunk             |    16 |    20 |     1 ||    37
Armor: Robe              |    37 |    12 |     3 ||    52
Dodge: Dodged            |   136 |    53 |    31 ||   220

Table legend:
 A = Non-vault XP
 B = Vault XP
 C = Vault XP percentage of total XP
 D = Non-vault monster count
 E = Vault monster count
 F = Vault count percentage of total count
                 A         B        C        D         E       F
            +---------+---------+-------+---------+---------+-------
      Total |     732 |     220 |  23.1 |      66 |      14 |  17.5
            +---------+---------+-------+---------+---------+-------
        D:1 |      36 |       0 |   0.0 |      21 |       0 |   0.0
        D:2 |      38 |       0 |   0.0 |      24 |       0 |   0.0
        D:3 |      64 |      44 |  40.7 |       9 |       4 |  30.8
        D:4 |     594 |     176 |  22.9 |      12 |      10 |  45.5
            +---------+---------+-------+---------+---------+-------
